Map: Thunderbird LE

Players

ShoWTimE - Winner!

  • Race: Protoss Protoss
  • Spawn Location: 5:00

Scarlett

  • Race: Zerg Zerg
  • Spawn Location: 11:00

Event: 2019 WCS Summer

VOD

Have the link to the VOD?

Description

Time

  • Played on: July 13, 2019, 1:28 p.m.
  • Length: 17:12

All games in this series

Show
View Real Time Build Order
Export as new Build Order

ShoWTimE Protoss - Winner!

Build Orders: 1 Gate Expand, Oracle Opening, Phoenix Opening 

Get SALT Encoding   

  12  0:00  Probe  
  13  0:12  Probe  
  14  0:18  Pylon  
  14  0:24  Probe  
  15  0:33  Probe  
  15  0:41  Probe  
  16  0:43  Gateway  
  16  0:46  Assimilator  
  17  0:51  Probe  
  18  1:03  Probe  
  19  1:15  Probe  
  20  1:23  Nexus  
  20  1:27  Probe  
  21  1:38  Cybernetics Core  
  21  1:41  Probe  
  21  1:45  Assimilator  
  22  1:52  Pylon  
  23  1:54  Probe  
  23  2:04  Adept  
  23  2:10  Probe  
  26  2:17  Stargate  
  26  2:22  Probe  
  27  2:23  Warp Gate  
  27  2:31  Probe  
  27  2:32  Probe  
  27  2:34  Adept  
  31  2:39  Probe  
  31  2:40  Probe  
  33  2:48  Probe  
  33  2:50  Probe  
  34  2:56  Phoenix  
  35  3:00  Probe  
  35  3:02  Probe  
  39  3:12  Probe  
  40  3:13  Oracle  
  40  3:14  Probe  
  40  3:17  Pylon  
  41  3:24  Probe  
  41  3:26  Probe  
  46  3:27  Gateway  
  46  3:34  Assimilator  
  46  3:36  Assimilator, Probe  
  46  3:38  Probe  
  48  3:42  Oracle, Pylon  
  48  3:49  Probe  
  48  3:50  Probe  
  48  3:54  Pylon  
  53  4:01  Probe  
  53  4:02  Probe  
  55  4:08  Robotics Facility  
  55  4:11  Oracle  
  55  4:13  Probe  
  55  4:14  Probe  
  57  4:19  Pylon  
  60  4:26  Nexus  
  60  4:30  Probe x2  
  62  4:40  Sentry x2  
  62  4:44  Probe x2  
  68  4:46  Immortal  
  68  4:52  Forge  
  68  4:54  Twilight Council  
  68  4:57  Probe  
  73  5:01  Probe  
  73  5:06  Pylon  
  74  5:08  Sentry  
  74  5:09  Probe  
  74  5:13  Probe  
  78  5:16  Immortal, Pylon  
  78  5:24  Probe, Sentry  
  78  5:26  Charge, Probe  
  83  5:36  Protoss Ground Weapons Level 1  
  83  5:40  Probe x3  
  86  5:44  Gateway  
  86  5:45  Gateway  
  86  5:49  Gateway  
  83  5:52  Observer, Gateway  
  83  5:53  Probe  
  84  6:00  Sentry  
  84  6:01  Probe  
  84  6:02  Probe  
  89  6:05  Probe  
  89  6:09  Warp Prism  
  90  6:13  Probe  
  90  6:15  Probe  
  94  6:23  Zealot  
  94  6:24  Probe  
  93  6:29  Assimilator  
  93  6:30  Gateway  
  93  6:32  Assimilator  
  93  6:33  Gateway  
  93  6:39  Templar Archives  
  93  6:41  Gateway  
  93  6:42  Gateway, Pylon  
  93  6:43  Zealot  
  93  6:45  Zealot x3, Pylon  
  93  6:46  Zealot  
  103  6:54  Pylon  
  103  6:56  Pylon  
  103  7:07  Probe, Pylon  
  103  7:08  Psionic Storm  
  104  7:10  Zealot x6  
  114  7:18  Probe  
  115  7:33  High Templar x5, Protoss Ground Weapons Level 2  
  115  7:34  Zealot x3  
  131  7:41  Nexus  
  131  7:44  Pylon  
  131  7:51  Zealot x2, Pylon  
  135  7:55  Pylon  
  135  7:57  Photon Cannon, Probe x3  
  138  7:59  Photon Cannon  
  138  8:01  Blink  
  138  8:09  Probe  
  138  8:10  Zealot x3  
  138  8:11  Zealot x3  
  151  8:15  Zealot x2  
  151  8:17  Probe  
  156  8:28  High Templar x2  
  156  8:32  Archon  
  150  8:35  High Templar x3  
  150  8:36  Zealot x3  
  150  8:39  Archon  
  160  8:47  Zealot x2  
  143  8:55  Probe x2  
  143  8:56  Probe  
  143  8:58  Assimilator  
  143  8:59  Assimilator  
  143  9:01  High Templar x2  
  143  9:02  Archon x2  
  147  9:04  Zealot x3  
  153  9:10  Photon Cannon  
  153  9:13  Immortal  
  155  9:26  Zealot x7  
  155  9:27  Zealot  
  169  9:33  Shield Battery  
  167  9:43  Zealot x2  
  165  9:47  Zealot  
  165  9:48  Zealot x5  
  165  9:51  Dark Shrine  
  171  9:53  Pylon  
  171  10:01  Photon Cannon  
  171  10:02  Photon Cannon  
  171  10:07  Immortal  
  171  10:09  Pylon  
  163  10:16  Stalker x6  
  163  10:17  Stalker  
  173  10:25  Probe  
  173  10:27  Pylon  
  173  10:28  Protoss Ground Weapons Level 3, Pylon  
  172  10:36  High Templar x3  
  172  10:40  Immortal  
  172  10:41  High Templar x4  
  184  10:45  Archon x2  
  184  10:48  Photon Cannon  
  182  10:50  Pylon  
  182  10:55  Zealot x3  
  192  11:17  Stalker x4  
  192  11:18  Stalker  
  194  11:20  Photon Cannon  
  194  11:22  Photon Cannon  
  194  11:23  Fleet Beacon, Pylon  
  194  11:26  Stargate  
  190  11:35  High Templar x4  
  190  11:36  Nexus  
  190  11:38  Archon  
  190  11:39  Archon  
  197  11:50  Observer  
  190  11:56  Stargate  
  190  12:02  Dark Templar x3  
  190  12:05  Dark Templar  
  194  12:15  Dark Templar x2  
  195  12:33  Pylon  
  195  12:37  Nexus  
  193  12:47  Assimilator  
  193  12:49  Assimilator, Oracle  
  188  13:04  Zealot x6  
  200  13:10  Dark Templar  
  188  13:19  Tempest x2  
  194  13:21  Dark Templar x3  
  192  13:34  Zealot x6  
  192  13:39  Nexus  
  181  14:00  Zealot x9  
  197  14:04  Immortal  
  197  14:09  Tempest  
  196  14:16  Dark Templar  
  182  14:19  Tempest x2  
  182  14:21  Zealot x2  
  178  14:36  Probe x2  
  178  14:37  Observer  
  178  14:38  Probe x2  
  178  14:42  High Templar x2  
  181  14:48  Probe  
  181  14:50  Zealot x3  
  181  14:52  Tempest  
  191  15:08  Zealot x4  
  199  15:18  Dark Templar  
  197  15:23  Dark Templar  
  199  15:35  Probe  
  195  15:44  Dark Templar x2  
  195  15:45  Pylon  
  195  15:46  Probe  
  200  16:18  Dark Templar x3  
  184  16:36  Zealot x7  
  188  16:50  Observer  
  188  16:51  Zealot x3  
  171  16:56  Zealot x4  
  171  16:57  Zealot x3  
  171  17:01  Archon  
Show
View Real Time Build Order
Export as new Build Order

Scarlett Zerg 

Build Orders: Hatch First, Lurkers, Swarm Host 

Get SALT Encoding   

  12  0:00  Drone  
  13  0:12  Overlord  
  13  0:17  Drone  
  14  0:30  Drone x2  
  16  0:47  Hatchery  
  15  0:50  Drone  
  15  0:54  Drone  
  17  0:57  Drone  
  18  1:09  Extractor  
  17  1:12  Spawning Pool  
  17  1:15  Drone  
  18  1:18  Drone  
  18  1:28  Drone  
  19  1:39  Drone  
  20  1:45  Hatchery  
  19  1:50  Drone  
  20  1:59  Drone  
  20  2:00  Drone  
  22  2:03  Queen  
  24  2:12  Queen  
  26  2:18  Overlord  
  26  2:22  Drone  
  27  2:24  Drone  
  27  2:28  Metabolic Boost  
  28  2:38  Drone  
  28  2:40  Queen  
  28  2:43  Zergling x4  
  33  2:46  Drone  
  33  2:47  Drone  
  35  2:52  Overlord  
  35  2:58  Queen  
  35  3:04  Drone  
  38  3:06  Drone  
  38  3:08  Drone  
  41  3:12  Zergling x2  
  41  3:13  Drone  
  41  3:16  Drone x2  
  44  3:22  Drone x4  
  44  3:26  Overlord  
  48  3:29  Drone  
  48  3:31  Overlord  
  49  3:36  Drone  
  50  3:43  Overlord x2  
  50  3:51  Drone x6  
  50  3:53  Queen  
  58  3:56  Spore Crawler  
  58  4:00  Spore Crawler  
  58  4:02  Drone x3  
  59  4:06  Spore Crawler  
  58  4:11  Overlord  
  58  4:12  Drone x3  
  61  4:19  Drone x4  
  65  4:26  Lair  
  65  4:27  Drone x4  
  69  4:32  Extractor  
  69  4:33  Extractor  
  69  4:36  Drone x3  
  69  4:37  Roach Warren  
  69  4:41  Overlord  
  69  4:42  Overlord  
  70  4:45  Drone x4  
  70  4:49  Extractor  
  70  4:50  Zergling x6  
  74  4:53  Extractor x2  
  74  4:57  Drone x5  
  77  5:01  Zergling x2  
  77  5:04  Zergling x4  
  80  5:11  Drone x2, Overlord  
  80  5:13  Drone x3  
  85  5:17  Overlord x3  
  76  5:36  Drone x9  
  82  5:47  Infestation Pit, Drone x2  
  82  5:48  Drone x4  
  87  5:57  Overlord x5  
  87  6:03  Drone  
  87  6:04  Drone  
  88  6:10  Drone x5  
  89  6:16  Glial Reconstitution, Drone  
  86  6:19  Drone, Evolution Chamber  
  83  6:27  Drone x2  
  83  6:29  Hatchery  
  83  6:31  Swarm Host  
  87  6:34  Swarm Host  
  87  6:35  Swarm Host  
  93  6:40  Swarm Host  
  93  6:41  Swarm Host x5  
  93  6:43  Roach  
  113  6:48  Roach  
  113  6:52  Roach x4  
  123  6:55  Roach  
  124  7:05  Nydus Network  
  124  7:07  Swarm Host x6  
  139  7:14  Ravager x6  
  145  7:16  Roach x2  
  145  7:18  Zergling x2, Roach x2  
  152  7:30  Drone  
  152  7:35  Drone x2  
  156  7:37  Hatchery  
  156  7:41  Zerg Missile Weapons Level 1, Drone  
  156  7:42  Drone  
  155  7:51  Swarm Host x5  
  155  7:53  Overlord x4  
  170  8:03  Nydus Canal  
  160  8:20  Hydralisk Den  
  160  8:25  Nydus Canal  
  147  8:36  Drone x3  
  147  8:38  Spawning Pool  
  147  8:39  Roach x5  
  159  8:43  Extractor  
  159  8:47  Nydus Canal  
  151  8:58  Drone  
  151  8:59  Drone  
  153  9:05  Ravager  
  153  9:06  Ravager x6, Roach x4  
  153  9:07  Roach x4  
  176  9:13  Extractor  
  176  9:14  Drone x4, Extractor  
  178  9:20  Nydus Canal  
  177  9:36  Drone x9  
  181  9:48  Zerg Missile Weapons Level 2, Spore Crawler  
  181  9:51  Hydralisk x8  
  196  9:56  Lurker Den  
  196  9:57  Spine Crawler  
  163  10:07  Spine Crawler  
  163  10:08  Hydralisk x4  
  163  10:09  Hatchery  
  163  10:12  Drone x3  
  163  10:14  Queen x2  
  160  10:20  Drone x4  
  162  10:27  Grooved Spines  
  162  10:30  Swarm Host x2  
  162  10:31  Swarm Host  
  162  10:35  Drone x2, Queen  
  173  10:42  Drone  
  175  10:46  Hydralisk x3  
  181  10:53  Zergling x4  
  183  11:00  Drone x2  
  183  11:02  Drone x3  
  182  11:16  Hydralisk x4  
  182  11:26  Lurker x3  
  182  11:27  Lurker  
  182  11:28  Drone x7  
  192  11:38  Muscular Augments, Spine Crawler  
  191  11:40  Nydus Canal  
  190  11:47  Lurker x4  
  185  11:57  Drone x3  
  185  11:59  Spine Crawler x2  
  186  12:04  Queen  
  188  12:17  Hive  
  188  12:18  Drone x4  
  188  12:19  Spire  
  191  12:35  Drone x3  
  191  12:36  Drone x2  
  196  12:38  Spine Crawler  
  196  12:39  Spine Crawler  
  196  12:40  Overseer  
  196  12:41  Pneumatized Carapace  
  192  12:47  Nydus Canal  
  185  13:06  Hydralisk  
  185  13:07  Hydralisk x6  
  185  13:11  Nydus Canal  
  199  13:33  Hydralisk x8  
  181  13:46  Nydus Network  
  166  13:50  Hydralisk x8  
  166  13:54  Drone x8  
  166  13:55  Drone x3  
  179  13:56  Spine Crawler  
  179  13:57  Spine Crawler  
  179  14:00  Spore Crawler  
  176  14:08  Zerg Missile Weapons Level 3  
  170  14:12  Greater Spire  
  170  14:13  Hydralisk x8  
  174  14:20  Spine Crawler  
  174  14:21  Drone x2, Spore Crawler  
  174  14:23  Drone  
  164  14:24  Drone, Overseer  
  164  14:30  Overseer x2  
  159  14:42  Adaptive Talons  
  158  14:57  Hatchery  
  157  15:01  Hydralisk x13  
  183  15:08  Lurker x4  
  183  15:09  Lurker, Overlord x2  
  186  15:17  Overseer x2  
  186  15:19  Drone x3  
  189  15:34  Spore Crawler  
  188  15:44  Queen  
  188  15:51  Nydus Canal  
  188  15:53  Hydralisk x6  
  198  16:15  Hydralisk x2  
  199  16:22  Spine Crawler x2  
  199  16:24  Hydralisk x3, Spine Crawler  
  199  16:25  Hydralisk  
  200  16:30  Hatchery  
  186  16:37  Hydralisk x5  
  186  16:38  Overlord x2  
  191  16:40  Nydus Canal  
  180  16:53  Overlord x2  
Tags
 
Add a new tag
Caveats
  • Supply blocks, unpowered buildings, or Contaminate may cause inaccurate times.
  • Supply counts are checked every 10 seconds.